Skuld, lawful female human Valkyrie --- --.--- --- |....| ..|... |-...| -..|@- |...-- |..a.|---.--- --..---|...| -...----.---- ..........--.-- .....--........| ................| ................--- ..................| .....).)(|.--.--.|.( ...).*------------ ...........| .....-----.--- .....| |...| .>-- --..| --- |..| ---- Skuld the Fighter Experience level: 7 Strength: 18 Dexterity: 13 Constitution: 18 Intelligence: 7 Wisdom: 10 Charisma: 8 Health: 0(65) Energy: 16(16) AC: 0 Gold: 330 Moves: 2134 Your Inventory: Coins $ - 330 gold pieces Weapons a - an uncursed +1 long sword (weapon in hand) b - an uncursed +0 dagger i - 12 [uncursed +0] darts p - 4 [blessed +0 thirsty] darts Armor c - an uncursed +3 small shield (being worn) k - an [uncursed] +0 orcish helm (being worn) o - an [uncursed] +0 dwarvish cloak (being worn) r - an [uncursed] +0 chain mail (being worn) Comestibles d - 2 uncursed food rations g - an [uncursed] lichen corpse u - an [uncursed] rotten gnome corpse Spellbooks f - an [uncursed] plaid spellbook [of detect food] Potions l - an [uncursed] clear potion [of water] Wands s - an [uncursed] nickel wand [of magic missile (0:6)] Tools q - an [uncursed] partly used [tallow] candle (lit) t - 2 [uncursed wax] candles v - an [uncursed tallow] candle w - an [uncursed] magic marker [0:29] Spells known in the end: Name Level Category Fail Memory Your skills at the end: Fighting Skills Weapon Skills dagger [Basic / Expert] long sword [Basic / Expert] Spellcasting Skills Final Attributes: You were devoutly aligned. Hunger level was 1266. Your alignment was 19 / 20. Monster difficulty range was 1 - 6. Level difficulty was 6. You were immune to cold. You were stealthy. You were fast. Your luck was zero. You are dead. Vanquished creatures: a black light 2 rock piercers 2 gnome lords a giant ant a little dog a dwarf a homunculus a kobold lord 3 hill orcs 2 orc zombies an iguana 3 killer bees a giant rat a cave spider a green mold 28 gnomes 2 garter snakes 4 geckos 2 jackals a goblin a grid bug 3 lichens 2 newts 65 creatures vanquished. Voluntary challenges: You were an atheist. You used a wielded weapon 61 times. You read items or engraved 2 times. You put on armor 6 times. You never genocided any monsters. You never polymorphed an object. You never changed form. You used no wishes. You wrote Elbereth's name 1 time. You never encountered a bones level. You never used any Sokoban shortcuts. Dungeon overview: The Dungeons of Doom: levels 1 to 4 Level 1 a long staircase Level 2 a general store Level 4 a general store, a fountain, some sinks stairs to The Gnomish Mines The Gnomish Mines: levels 5 to 7 Level 5 stairs to The Dungeons of Doom Level 6 <- You were here History has recorded: On T:1 you entered the Dungeons of Doom to retrieve the Amulet of Yendor! On T:233 you reached level 2 of The Dungeons of Doom. On T:553 you advanced to experience level 2. On T:682 you advanced to experience level 3. On T:922 you reached level 3 of The Dungeons of Doom. On T:1170 you advanced to experience level 4. On T:1208 you reached level 4 of The Dungeons of Doom. On T:1370 you advanced to experience level 5. On T:1584 you reached level 1 of The Gnomish Mines. On T:1594 you advanced to experience level 6. On T:1814 you reached level 3 of The Gnomish Mines. On T:1931 you advanced to experience level 7. On T:1986 you reached level 2 of The Gnomish Mines. Latest messages: The fire ant misses. [HP-5=49] The fire ant misses. The fire ant bites! You're on fire! Your scroll labeled HACKEM MUCHE catches fire and burns! Your scroll labeled PRATYAVAYAH catches fire and burns! The fire ant bites! (2x) [HP-17=32] The fire ant bites! (2x) [HP-2=30] The fire ant misses. The fire ant bites! The gnome lord wields an aklys! The fire ant misses. The fire ant bites! (6x) The fire ant misses. [HP-13=17] The fire ant bites! (2x) [HP-2=15] The fire ant bites! (2x) You're on fire! The fire ant bites! You die... Final status: Farvel Skuld the Valkyrie... You died in The Gnomish Mines on dungeon level 6 with 933 points, and 330 pieces of gold, after 2134 moves. You were level 7 with a maximum of 65 hit points when you died.